 Dungeon Crawl Stone Soup version 0.29-a0-234-g0dae59b3db (webtiles) character file.

Game seed: 8725398772506715408

7382 spaghetti the Fighter (level 11, -1/106 HPs)
             Began as a Naga Chaos Knight on Mar 3, 2022.
             Was a Plaything of Xom.
             Slain by a wyvern (11 damage)
             ... on level 9 of the Dungeon.
             The game lasted 00:18:03 (8032 turns).

spaghetti the Fighter (Naga Chaos Knight)           Turns: 8032, Time: 00:18:05

Health: -1/106     AC: 11    Str: 18    XL:     11   Next: 14%
Magic:  20/20      EV:  9    Int: 19    God:    Xom [..*...]
Gold:   187        SH:  0    Dex: 16    Spells: 10/10 levels left

rFire   + . .      SeeInvis +   h - +0 quarterstaff (elec) {staff}
rCold   . . .      Faith    .   (shield currently unavailable)
rNeg    . . .      Spirit   .   j - +0 troll leather armour {Pargi}
rPois   +          Reflect  .   (no helmet)
rElec   .          Harm     .   (no cloak)
rCorr   .          Rampage  .   E - +2 pair of gloves "Fonyrail" {Dex+3}
Will    +....                   (no barding)
Stlth   ++........              (no amulet)
HPRegen 2.67/turn               z - +6 ring of intelligence
MPRegen 0.17/turn               f - ring of magical power

@: mighty, about to teleport, very slow
A: AC +3, large, see invisible, deformed body, poison resistance, slowness 2,
spit poison 2, naga tail 1, stinger 1, iridescent scales 1, thin skeletal
structure 1, fire resistance 1, frail 1, regeneration 2, screaming 1
a: Breathe Poison Gas, Renounce Religion


You were on level 9 of the Dungeon.
You worshipped Xom.
You were a toy of Xom.
You visited 1 branch of the dungeon, and saw 9 of its levels.
You also visited: Sewer and Ossuary.

You collected 465 gold pieces.
You spent 278 gold pieces at shops.


Innate Abilities, Weirdness & Mutations

Your serpentine skin is tough. (AC +3)
You have supernaturally acute eyesight. (SInv)
Armour fits poorly on your strangely shaped body.
Your system is resistant to poisons. (rPois)
You cover ground very slowly.
You can exhale a cloud of poison.
You have a snake-like lower body.
Your tail ends in a venomous barb.
You are partially covered in iridescent scales. (AC +2)
You have a somewhat thin skeletal structure. (Dex +2, Stealth+)
Your flesh is heat resistant. (rF+)
You are frail. (-10% HP)
You heal very quickly.
You occasionally shout uncontrollably at your foes.


   Skills:
 + Level 13.8 Fighting
 - Level 10.0 Staves
 - Level 1.5 Armour
 - Level 0.7 Dodging
 - Level 3.0 Unarmed Combat


You had 10 spell levels left.
You didn't know any spells.
Your spell library contained the following spells:

 Spells                   Type           Power      Damage    Failure   Level
 Animate Skeleton         Necr           0%         N/A       24%         1
 Pain                     Necr           0%         1d4       24%         1
 Sublimation of Blood     Necr           0%         N/A       36%         2
 Confusing Touch          Hex            0%         N/A       58%         3
 Ignite Poison            Fire/Tmut/Pois 0%         N/A       58%         3
 Mephitic Cloud           Conj/Pois/Air  0%         N/A       58%         3
 Vampiric Draining        Necr           0%         2d6       58%         3
 Petrify                  Tmut/Erth      0%         N/A       94%         4
 Freezing Cloud           Conj/Ice/Air   0%         6-21      100%        5
 Irradiate                Conj/Tmut      0%         3d14      100%        5
 Yara's Violent Unravell  Hex/Tmut       0%         3d3       100%        5
 Enfeeble                 Hex            0%         N/A       100%        7

Inventory:

Hand Weapons
 h - a +0 quarterstaff of electrocution (weapon) {staff}
   (You found it on level 2 of the Dungeon)
 i - a +1 short sword of speed {short}
   (You found it on level 3 of the Dungeon)
 n - a +2 dagger of draining {short}
   (You took it off an orc wizard on level 4 of the Dungeon)
Missiles
 b - 301 stones {throwing}
 k - 20 poisoned darts {throwing}
 r - 13 boomerangs {throwing}
 w - 8 throwing nets {=f!fthrowing}
Armour
 a - a +2 leather armour
 j - a +0 troll leather armour (worn) {Pargi}
   (You found it in a sewer)
 x - an orb of mayhem
   (You found it in a sewer)
 E - the +2 pair of gloves "Fonyrail" (worn) {Dex+3}
   (You bought it in a shop on level 9 of the Dungeon)

   Dex:       It affects your dexterity (+3).
Jewellery
 f - a ring of magical power (right hand)
   (You found it on level 7 of the Dungeon)
 z - a +6 ring of intelligence (left hand)
   (You found it on level 6 of the Dungeon)
 B - a ring of protection from cold
   (You took it off a centaur on level 7 of the Dungeon)
 C - a ring of poison resistance
   (You took it off a gnoll on level 9 of the Dungeon)
Wands
 l - a wand of digging (13)
   (You found it on level 3 of the Dungeon)
 y - a wand of flame (23)
   (You found it on level 6 of the Dungeon)
Scrolls
 e - 3 scrolls of amnesia
 m - 4 scrolls of enchant armour
 p - 2 scrolls of vulnerability {!r!r}
 t - 2 scrolls of identify {@r1}
 u - a scroll of magic mapping {!r}
 A - a scroll of brand weapon
Potions
 d - 2 potions of mutation {!q}
 o - 2 potions of haste {@q3}
 q - 4 potions of attraction {!q}
 v - a potion of brilliance
 D - a potion of magic

Dungeon Overview and Level Annotations

Branches:
Dungeon (9/15)             Temple (0/1) D:7            Lair (0/6) D:9
    Orc (0/2) D:9           Sewer (visited)         Ossuary (visited)

Altars:
Vehumet

Shops:
D:9 ([

Annotations:
D:3 2 runed translucent doors, Crazy Yiuf; testman's ghost, amateur DsGl
D:8 2 transporters, Erica; IdlyInterested's ghost, journeyman FoFi

## ###. ## .##...###.
### .....#...####..
...........#.####
......§†§.§§#.#.##
#...ll.§§......### ###
#...#@###........###..
#...
####.#.###.....†.. ##>
#.##..########## #
################
##...## #.##.....
#.....###........
##....##.........
##...#..........
#...........##..


You could see 2 wyverns.


Message History

😮 HP[-16]
You take 16 damage, and now have 68/105 hp.
You are too injured to fight recklessly!
You are too injured to fight recklessly!
You are too injured to fight recklessly!
You are too injured to fight recklessly!
You are too injured to fight recklessly!
You are too injured to fight recklessly!
You are too injured to fight recklessly!
There are monsters nearby!
There are monsters nearby!
You are too injured to fight recklessly!
You barely miss the steam dragon.
The wyvern bites you but does no damage. 😮 HP[+2]
You regained 2 hp, and now have 70/105 hp.
You thump the steam dragon! The wyvern bites you.
The steam dragon bites you but does no damage.
The steam dragon closely misses you. The wyvern bites you.
You hit the steam dragon but do no damage.
The wyvern bites you!
You emit a cloud of colourful smoke!
The wyvern bites you! The steam dragon bites you. The steam dragon claws you.
* * * LOW HITPOINT WARNING * * *
😨 HP[-20]
You take 20 damage, and now have 50/105 hp.
You feel very mighty all of a sudden.
The wyvern bites you but does no damage. x2
The steam dragon completely misses you.
The steam dragon claws you but does no damage.
The wyvern bites you!
* * * LOW HITPOINT WARNING * * *
😨 HP[-9]
You take 9 damage, and now have 41/105 hp.
Okay, then.
You feel much better.
The wyvern bites you but does no damage.
The wyvern barely misses you. The wyvern closely misses you.
The steam dragon bites you.
The steam dragon barely misses you. 😮 HP[+14]
You regained 14 hp, and now have 55/105 hp.
You sock the wyvern! Lightning courses through the wyvern!!
You kill the wyvern!
The wyvern closely misses you. The wyvern bites you!
* * * LOW HITPOINT WARNING * * *
The steam dragon breathes steam at you.
The ball of steam hits you but does no damage.
You resist. 😨 HP[-7]
You now have 106 max hp (+1).
You take 7 damage, and now have 48/106 hp.
You sock the wyvern! Lightning courses through the wyvern!!
You kill the wyvern!
The wyvern hisses menacingly.
The wyvern bites you!
* * * LOW HITPOINT WARNING * * *
The steam dragon barely misses you. The steam dragon claws you.
* * * LOW HITPOINT WARNING * * *
The wyvern bites you.
* * * LOW HITPOINT WARNING * * *
😨 HP[-15]
You take 15 damage, and now have 33/106 hp.
You sock the steam dragon! 😨 HP[+2]
You regained 2 hp, and now have 35/106 hp.
You barely miss the steam dragon. The steam dragon breathes steam at you.
The ball of steam hits you. You resist.
* * * LOW HITPOINT WARNING * * *
The wyvern bites you!
* * * LOW HITPOINT WARNING * * *
😱 HP[-9]
You take 9 damage, and now have 26/106 hp.
You sock the steam dragon!
You kill the steam dragon!
The steam dragon scales are intact enough to wear.
The wyvern barely misses you.
The wyvern is engulfed in a cloud of scalding steam.
The wyvern bites you.
* * * LOW HITPOINT WARNING * * *
The wyvern bites you!
* * * LOW HITPOINT WARNING * * *
😱 HP[-11]
You take 11 damage, and now have 15/106 hp.
Okay, then.
Okay, then.
Okay, then.
Okay, then.
As you read the scroll of teleportation {@r4}, it crumbles to dust.
You feel strangely unstable. The wyvern bites you!
* * * LOW HITPOINT WARNING * * *
The wyvern bites you but does no damage.
The wyvern bites you.
* * * LOW HITPOINT WARNING * * *
😱 HP[-9]
You take 9 damage, and now have 6/106 hp.
The wyvern bites you!
You die...
Xom thinks this is hilarious!

Skill      XL: |  1  2  3  4  5  6  7  8  9 10 |
---------------+-------------------------------+-----
Fighting       | 4 5 6 7 9 13 | 13.8
Staves         | 3 5 8 10 | 10.0
Armour         | |  1.5
Dodging        | |  0.7
Unarmed Combat | |  3.0

Action                   |  1- 3 |  4- 6 |  7- 9 | 10-12 || total
-------------------------+-------+-------+-------+-------++-------
Melee: Unarmed           |   129 |       |       |       ||   129
       Quarterstaff      |       |    99 |   389 |   239 ||   727
 Abil: Spit Poison       |     2 |       |       |       ||     2
       Breathe Poison Ga |       |    10 |     8 |     9 ||    27
Evoke: Wand              |       |       |       |     3 ||     3
  Use: Scroll            |     3 |     5 |     6 |    10 ||    24
       Potion            |     1 |     3 |       |    11 ||    15
 Stab: Sleeping          |       |     1 |     9 |       ||    10
       Distracted        |       |       |       |     1 ||     1
       Petrifying        |       |       |       |     1 ||     1
Armor: Leather armour    |    59 |    59 |    97 |       ||   215
       Skin              |       |    11 |       |       ||    11
       Troll leather arm |       |       |    47 |   142 ||   189
Dodge: Dodged            |    66 |    57 |   183 |   179 ||   485

Levels and vault maps discovered:
D:1:      dpeg_arrival_snail, layout_loops_ring, chequers_arboretum,
          minmay_tetromino_s4
D:2:      layout_basic, chequers_ecumenical_altar_island, uniq_natasha
D:3:      layout_basic, hellmonk_ghost_happy_afterlife,
          nicolae_underground_beach, uniq_crazy_yiuf_cottage
D:4:      layout_gridville, grunt_tough_drop, uniq_grinder
D:5:      layout_gridville, minmay_misc_feat_encased
D:6:      layout_basic, nicolae_ossuary_entry_catacombs, portal_sewer_entry_d
D:7:      layout_basic, minmay_temple_entry_drinking_statues
D:8:      layout_rooms, serial_shops, shop_statue, nzn_ghost_randoct,
          nicolae_shop_self_help, uniq_erica, uniq_harold
D:9:      layout_cave_pools, vehumet_crystals, erik_lair_dragon, orc_david_3,
          serial_gnoll_camp, gnoll_camp_mini_doghouse, gnoll_camp_mini_basic,
          gnoll_camp_mini_hut, gnoll_camp_mini_shop, gnoll_camp_mini_hut,
          gnoll_camp_huts_moat, minmay_misc_feat_ornament, uniq_maggie

Notes
Turn   | Place    | Note
-------+----------+-------------------------------------------
     0 | D:1      | spaghetti the Naga Chaos Knight began the quest for the
                  | Orb.
     0 | D:1      | Reached XP level 1. HP: 21/21 MP: 1/1
     0 | D:1      | magus.rc [v1.9.6]
   193 | D:1      | Reached XP level 2. HP: 17/28 MP: 2/2
   290 | D:1      | XOM: silly message
   403 | D:1      | You pick up a book of Alchemy and begin reading...
   403 | D:1      | You add the spells Sublimation of Blood, Petrify and
                  | Irradiate to your library.
  1184 | D:2      | Reached skill level 4 in Fighting
  1234 | D:2      | XOM: god gift: 19 gold pieces
  1247 | D:2      | Found a faded altar of an unknown god.
  1284 | D:2      | Reached XP level 3. HP: 34/36 MP: 3/3
  1456 | D:2      | XOM is BORED!
  1456 | D:2      | XOM: noise
  1556 | D:2      | You pick up a book of Necromancy and begin reading...
  1556 | D:2      | You add the spells Pain, Animate Skeleton and Vampiric
                  | Draining to your library.
  1689 | D:2      | Noticed Natasha
  1693 | D:2      | XOM: fake destruction
  1694 | D:2      | XOM: cast spell 'Summon Ice Beast'
  1701 | D:2      | Killed Natasha
  1702 | D:2      | Reached skill level 5 in Fighting
  1702 | D:2      | Reached XP level 4. HP: 41/46 MP: 4/4
  1733 | D:2      | You fall into a shaft and drop 1 floor!
  1875 | D:3      | Noticed testman's ghost (amateur DsGl)
  1881 | D:3      | Found a runed translucent door.
  1971 | D:3      | XOM: 2-stop teleportation journey
  2098 | D:3      | XOM: noise
  2165 | D:3      | XOM: silly message
  2234 | D:3      | XOM: divination: magic mapping
  2244 | D:3      | Gained mutation: You can exhale a cloud of poison. [potion
                  | of mutation]
  2258 | D:3      | Reached XP level 5. HP: 55/55 MP: 5/5
  2269 | D:3      | Reached skill level 6 in Fighting
  2500 | D:3      | XOM: scenery: 2 doors close
  2556 | D:3      | Found a runed translucent door.
  2557 | D:3      | Noticed Crazy Yiuf
  2728 | D:3      | XOM: give mutations
  2728 | D:3      | Gained mutation: You are partially covered in iridescent
                  | scales. (AC +2) [Xom's grace]
  2728 | D:3      | Gained mutation: Your natural rate of healing is unusually
                  | fast. [Xom's grace]
  2728 | D:3      | Gained mutation: You have a somewhat thin skeletal
                  | structure. (Dex +2, Stealth+) [Xom's grace]
  3025 | D:3      | XOM: divination: detect items
  3092 | D:4      | XOM: divination: detect items
  3164 | D:4      | Reached XP level 6. HP: 61/63 MP: 6/6
  3240 | D:4      | Reached skill level 7 in Fighting
  3512 | D:4      | XOM: enchant monster (good)
  3517 | D:4      | Reached skill level 1 in Staves
  3545 | D:4      | XOM: 3-stop teleportation journey
  3549 | D:4      | Noticed a black bear
  3552 | D:4      | Reached skill level 2 in Staves
  3553 | D:4      | XOM: summons friendly quasit
  3560 | D:4      | Killed a black bear
  3561 | D:4      | Reached skill level 3 in Staves
  3561 | D:4      | Reached XP level 7. HP: 62/72 MP: 7/7
  3662 | D:4      | Noticed Grinder
  3663 | D:4      | XOM: blink monster(s)
  3664 | D:4      | XOM: blink monster(s)
  3679 | D:4      | Killed Grinder
  3680 | D:4      | Reached skill level 4 in Staves
  3906 | D:4      | Reached skill level 5 in Staves
  4015 | D:5      | Entered Level 5 of the Dungeon
  4020 | D:5      | Reached XP level 8. HP: 75/80 MP: 8/8
  4094 | D:5      | Reached skill level 6 in Staves
  4286 | D:5      | You add the spells Ignite Poison, Mephitic Cloud and
                  | Freezing Cloud to your library.
  4415 | D:5      | XOM: give mutation
  4415 | D:5      | Gained mutation: You are frail. (-10% HP) [Xom's mischief]
  4461 | D:5      | Reached skill level 7 in Staves
  4637 | D:6      | XOM: noise
  4700 | D:6      | XOM: noise
  4742 | D:6      | Reached skill level 8 in Staves
  4745 | D:6      | Found a sand-covered staircase.
  4757 | Ossuary  | Entered an ossuary
  4795 | Ossuary  | XOM: silly message
  4805 | Ossuary  | XOM: blink monster(s)
  4887 | Ossuary  | Reached XP level 9. HP: 56/77 MP: 9/9
  5008 | D:6      | Found a glowing drain.
  5018 | Sewer    | Entered a sewer
  5057 | Sewer    | Noticed Pargi
  5066 | Sewer    | Killed Pargi
  5067 | Sewer    | Reached skill level 9 in Staves
  5338 | D:6      | XOM: 1-stop teleportation journey
  5745 | D:6      | XOM: give mutation
  5745 | D:6      | Gained mutation: You occasionally shout uncontrollably at
                  | your foes. [Xom's mischief]
  5890 | D:6      | Reached skill level 10 in Staves
  6141 | D:7      | XOM: polymorph gnoll shaman -> howler monkey
  6147 | D:7      | Reached skill level 8 in Fighting
  6160 | D:7      | XOM: summons friendly crimson imp
  6178 | D:7      | HP: 17/79 [iguana (7)]
  6417 | D:7      | Reached skill level 9 in Fighting
  6495 | D:7      | Found a staircase to the Ecumenical Temple.
  6564 | D:7      | You pick up a book of Misfortune and begin reading...
  6564 | D:7      | You add the spells Confusing Touch, Yara's Violent
                  | Unravelling and Enfeeble to your library.
  6714 | D:7      | XOM: give mutation
  6714 | D:7      | Lost mutation: You occasionally shout uncontrollably at
                  | your foes. [Xom's mischief]
  6859 | D:7      | XOM: give mutation
  6859 | D:7      | Gained mutation: You occasionally shout uncontrollably at
                  | your foes. [Xom's mischief]
  6915 | D:7      | XOM: noise
  6935 | D:7      | Reached XP level 10. HP: 91/91 MP: 10/10
  6937 | D:8      | Noticed Harold
  6938 | D:8      | XOM: summons friendly white imp
  6940 | D:8      | Noticed Erica
  6947 | D:8      | HP: 22/91 [Erica/lance of force (13)]
  6955 | D:8      | XOM: divination: detect items
  6963 | D:8      | XOM: confuse monster(s)
  6965 | D:8      | Reached skill level 10 in Fighting
  6968 | D:8      | Killed Harold
  6984 | D:7      | XOM: divination: detect creatures
  7058 | D:8      | Found a transporter.
  7058 | D:8      | Found a transporter.
  7060 | D:8      | Noticed a red ugly thing
  7063 | D:8      | Noticed IdlyInterested's ghost (journeyman FoFi)
  7090 | D:8      | Reached skill level 11 in Fighting
  7090 | D:8      | XOM: chaos upgrade
  7175 | D:9      | Noticed a two-headed ogre
  7186 | D:9      | Killed a two-headed ogre
  7221 | D:9      | Reached skill level 12 in Fighting
  7281 | D:9      | XOM: enchant monster (good)
  7295 | D:9      | XOM: scenery: summon butterflies
  7308 | D:9      | HP: 19/95 [wraith (6)]
  7372 | D:9      | XOM: give mutations
  7372 | D:9      | Gained mutation: Your tail ends in a venomous barb. [Xom's
                  | grace]
  7372 | D:9      | Gained mutation: You heal very quickly. [Xom's grace]
  7372 | D:9      | Gained mutation: Your flesh is heat resistant. (rF+) [Xom's
                  | grace]
  7391 | D:9      | Found a radiant altar of Vehumet.
  7515 | D:9      | XOM: polymorph gnoll -> shapeshifter
  7547 | D:9      | Noticed a salamander
  7547 | D:9      | a spriggan changed into a salamander
  7690 | D:9      | Found a staircase to the Orcish Mines.
  7692 | D:9      | Found Veuzuorch's Armour Emporium.
  7708 | D:9      | Bought the +2 pair of gloves "Fonyrail" {Dex+3} for 278
                  | gold pieces
  7716 | D:9      | Reached skill level 13 in Fighting
  7776 | D:9      | XOM: enchant monster (good)
  7778 | D:9      | Noticed Maggie
  7791 | D:9      | Killed Maggie
  7792 | D:9      | Reached XP level 11. HP: 81/105 MP: 11/11
  7792 | D:9      | Found Wiotanko's Antique Weapon Shoppe.
  8016 | D:9      | Found a staircase to the Lair.
  8023 | D:9      | XOM: smoke on damage
  8029 | D:9      | HP: 26/106 [wyvern (8)]
  8031 | D:9      | HP: 11/106 [wyvern (7)]
  8032 | D:9      | Slain by a wyvern

Vanquished Creatures
  Harold (D:8)
  A two-headed ogre (D:9)
  Maggie (D:9)
  A komodo dragon (D:9)
  Grinder (D:4)
  A raiju (shapeshifter) (D:9)
  2 wyverns (D:9)
  A wraith (D:9)
  A basilisk (D:9)
  A steam dragon (D:9)
  2 water moccasins (D:7)
  2 ice beasts
  3 orc warriors
  Pargi (Sewer)
  A sky beast (D:7)
  An ogre (D:4)
  5 centaurs
  2 phantoms (D:6)
  2 kobold brigands (D:9)
  5 bullfrogs
  2 elf zombies (D:6)
  2 necrophages
  2 gnoll sergeants (D:9)
  An elf skeleton (D:6)
  2 scorpions
  3 water moccasin zombies (Ossuary)
  4 killer bees (D:7)
  An electric eel (D:9)
  3 howler monkeys
  A jelly (D:6)
  8 hounds
  2 gnoll shamans (D:9)
  3 orc priests
  A human skeleton (D:6)
  8 iguanas
  10 orc wizards
  2 mummies (Ossuary)
  9 adders
  33 gnolls
  A shadow imp (D:6)
  2 white imps
  An ufetubus (D:7)
  3 adder zombies (Ossuary)
  A worm (D:4)
  4 dart slugs
  28 orcs
  7 endoplasms
  5 giant cockroaches
  5 gnoll zombies (Ossuary)
  8 goblins
  7 hobgoblins
  5 jackals (D:9)
  15 kobolds
  A quokka (D:3)
  4 ball pythons
  5 bats
  2 frilled lizards
  6 hobgoblin zombies (Ossuary)
  4 kobold zombies (Ossuary)
  2 orc skeletons (D:6)
  6 orc zombies (Ossuary)
  3 rats
257 creatures vanquished.

Vanquished Creatures (collateral kills)
  A black bear (D:4)
  An ogre (D:7)
  Natasha (D:2)
  A worm (D:2)
4 creatures vanquished.

Vanquished Creatures (others)
  An orc (D:9)
1 creature vanquished.

Grand Total: 262 creatures vanquished

Table legend:
 A = Non-vault XP
 B = Vault XP
 C = Vault XP percentage of total XP
 D = Non-vault monster count
 E = Vault monster count
 F = Vault count percentage of total count
                 A         B        C        D         E       F
            +---------+---------+-------+---------+---------+-------
      Total |    5732 |    4814 |  45.6 |     164 |      97 |  37.2
            +---------+---------+-------+---------+---------+-------
        D:1 |      24 |       2 |   7.7 |      15 |       1 |   6.2
        D:2 |      55 |      37 |  40.2 |      15 |       1 |   6.2
        D:3 |     128 |       0 |   0.0 |      16 |       0 |   0.0
        D:4 |     505 |     403 |  44.4 |      26 |       7 |  21.2
        D:5 |     491 |       0 |   0.0 |      15 |       0 |   0.0
        D:6 |     849 |     323 |  27.6 |      20 |       7 |  25.9
        D:7 |    1428 |       0 |   0.0 |      26 |       0 |   0.0
        D:8 |     460 |     868 |  65.4 |       8 |       1 |  11.1
        D:9 |    1792 |    2750 |  60.5 |      23 |      50 |  68.5
      Sewer |       0 |     130 | 100.0 |       0 |       1 | 100.0
    Ossuary |       0 |     301 | 100.0 |       0 |      29 | 100.0
            +---------+---------+-------+---------+---------+-------

Illustrated notes

Table legend:
 A = Kills in this place as a percentage of kills in entire the game.
 B = Kills by you in this place as a percentage of kills by you in the entire game.
 C = Kills by friends in this place as a percentage of kills by friends in the entire game.
 D = Other kills in this place as a percentage of other kills in the entire game.
 E = Experience gained in this place as a percentage of experience gained in the entire game.
 F = Experience gained in this place divided by the number of levels of this place that you have seen.
                   A       B       C       D       E      F
               +-------+-------+-------+-------+-------+----------------------
         Total | 100.0 | 100.0 | 100.0 | 100.0 | 100.0 | 958.7
       Dungeon |  88.5 |  88.3 | 100.0 | 100.0 |  95.9 | 1123.9
         Sewer |   0.4 |   0.4 |   0.0 |   0.0 |   1.2 | 130.0
       Ossuary |  11.1 |  11.3 |   0.0 |   0.0 |   2.9 | 301.0
               +-------+-------+-------+-------+-------+----------------------

Table legend: (Time is in decaauts)
 A = Elapsed time spent in this place.
 B = Non-inter-level travel time spent in this place.
 C = Inter-level travel time spent in this place.
 D = Time resting spent in this place.
 E = Time spent auto-exploring this place.
 F = Levels seen in this place.
 G = Mean time per level.
                   A        B        C        D        E       F      G
               +--------+--------+--------+--------+--------+-----+--------+
         Total |  10148 |   9756 |    392 |    799 |   6985 |  11 |  922.5 |
       Dungeon |   9686 |   9294 |    392 |    778 |   6766 |   9 | 1076.2 |
         Sewer |    258 |    258 |      0 |      0 |    133 |   1 |  258.0 |
       Ossuary |    203 |    203 |      0 |     21 |     85 |   1 |  203.0 |
               +--------+--------+--------+--------+--------+-----+--------+

Top non-repeatable levels by time:
     D:3: 1669 daAuts
     D:6: 1494 daAuts
     D:1: 1451 daAuts
     D:4: 1257 daAuts
     D:7: 1084 daAuts
     D:9: 1067 daAuts
     D:5: 804 daAuts
     D:2: 686 daAuts
   Sewer: 258 daAuts
 Ossuary: 203 daAuts
     D:8: 172 daAuts
